 Dungeon Crawl Stone Soup version 0.31-a0-819-gf6de2f5ab6 (webtiles) character file.

Game seed: 5084551718686925189

86142 qw the Marksgargoyle (level 15, 0/100 HPs)
             Began as a Gargoyle Hunter on Sept 23, 2023.
             Was a High Priest of Okawaru.
             Constricted to death by Jorgrun (12 damage)
             ... on level 2 of the Orcish Mines.
             The game lasted 00:09:30 (19074 turns).

qw the Marksgargoyle (Gargoyle Hunter)             Turns: 19074, Time: 00:09:31

Health: 0/100      AC: 25    Str: 22    XL:     15   Next: 86%
Magic:  15/22      EV: 20    Int: 10    God:    Okawaru [*****.]
Gold:   2898       SH:  0    Dex: 22    Spells: 14/14 levels left

rFire   . . .        k - +8 longbow "Zephyr" {speed, Dex+3 SInv}
rCold   + . .        (shield currently unavailable)
rNeg    + . .        v - +0 troll leather armour
rPois   inf          q - +2 helmet
rElec   +            e - +0 cloak
rCorr   .            i - +1 pair of gloves
SInv    +            m - +0 pair of boots
Will    +....        j - amulet of faith
Stlth   ++++         x - ring "Nyhaohac" {rC+ Stlth+}
HPRegen 1.16/turn    h - +6 ring of strength
MPRegen 0.18/turn

%: faith
@: heroic, finesse-ful, grasped by roots, flying, constricted
A: sickness immunity, AC +11, big wings, negative energy resistance 1,
electricity resistance, torment resistance 1, petrification resistance
a: Renounce Religion, Heroism, Finesse, Duel


You were on level 2 of the Orcish Mines.
You worshipped Okawaru.
Okawaru was extremely pleased with you.
You visited 4 branches of the dungeon, and saw 23 of its levels.

You collected 3176 gold pieces.
You spent 278 gold pieces at shops.


Innate Abilities, Weirdness & Mutations

You are immune to sickness and miasma.
Your stone body is resilient. (AC +11)
You are immune to poison.
Your large and strong wings let you fly.
You resist negative energy. (rN+)
You are resistant to electric shocks. (rElec)
You are resistant to unholy torment.
You are immune to petrification.


   Skills:
 + Level 13.9(18.9) Fighting
 - Level 20.0(25.0) Ranged Weapons
 - Level 7.0(12.0) Armour
 - Level 9.0(14.0) Dodging
 - Level 1.1(6.1) Stealth
 - Level 10.0 Invocations


You had 14 spell levels left.
You didn't know any spells.
Your spell library was empty.

Inventory:

Hand Weapons
 k - the +8 longbow "Zephyr" (weapon) {speed, Dex+3 SInv}
   (You acquired it on level 3 of the Lair of Beasts)

   Dex+3:     It affects your dexterity (+3).
   SInv:      It lets you see invisible.
Armour
 e - a +0 cloak (worn)
 i - a +1 pair of gloves (worn)
 m - a +0 pair of boots (worn)
 q - a +2 helmet (worn)
 u - a +2 robe of fire resistance
 v - a +0 troll leather armour (worn)
Jewellery
 h - a +6 ring of strength (right hand)
 j - an amulet of faith (around neck)
 r - a ring of ice
 t - an amulet of reflection
 x - the ring "Nyhaohac" (left hand) {rC+ Stlth+}
   (You took it off an ogre mage on level 14 of the Dungeon)

   [ring of protection from cold]

   rC+:       It protects you from cold.
   Stlth+:    It makes you more stealthy.
 y - a ring of resist corrosion
Wands
 w - a wand of digging (4)
Scrolls
 a - 4 scrolls of identify
 n - 2 scrolls of enchant weapon
 o - 7 scrolls of teleportation
Potions
 b - 2 potions of mutation
 c - 4 potions of resistance
 d - 2 potions of enlightenment
 f - 3 potions of might
 g - 6 potions of curing
 l - 2 potions of heal wounds
 p - 2 potions of haste
 s - 2 potions of magic

Dungeon Overview and Level Annotations

Branches:
Dungeon (15/15)            Temple (1/1) D:4            Lair (5/5) D:9
 Shoals (0/4) Lair:2       Spider (0/4) Lair:2        Slime (0/5) Lair:4
    Orc (2/2) D:11         Vaults (0/5) D:14         Depths (0/4) D:15
    Elf: Orc:2

Altars:
Ashenzari
Cheibriados
Dithmenos
Elyvilon
Fedhas
Gozag
Hepliaklqana
Kikubaaqudgha
Makhleb
Nemelex Xobeh
Okawaru
Qazlal
Ru
Sif Muna
Trog
Uskayaw
Vehumet
Wu Jian
Xom
Yredelemnul
Zin
The Shining One
Jiyva

Shops:
D:1 !   D:2 *   D:4 !   D:5 [

Annotations:
D:5 1 runed translucent door, Crazy Yiuf
D:6 1 runed translucent door
Lair:4 2 transporters, qw's ghost, journeyman GrHu
Orc:2 Jorgrun


Message History

The ogre completely misses you. The grasping roots constrict you.
19065 ||| INVOKING Finesse.
You can now deal lightning-fast blows.
The orc warrior shoots an arrow.
The arrow hits you.
Jorgrun says, "May tha earth consume ye!"
Jorgrun casts a spell at you. You resist with significant effort.
The grasping roots constrict you.
The orc high priest mumbles some strange prayers to Beogh against you.
Beogh smites you! The ogre barely misses you.
You shoot an arrow. The arrow hits the ogre!!
You kill the ogre!
Okawaru accepts your kill.
The orc warrior shoots an arrow.
The arrow barely misses you.
You shoot an arrow.
The arrow barely misses the orc high priest.
The arrow hits the rust devil!!
The rust devil is heavily wounded.
You shoot an arrow. The arrow hits the orc high priest!!
The orc high priest is moderately wounded.
You shoot an arrow. The arrow hits the orc high priest!!
The orc high priest is severely wounded.
You shoot an arrow. The arrow hits the orc high priest.
The orc high priest is severely wounded.
The grasping roots constrict you.
You shoot an arrow. The arrow hits the orc high priest!
The orc high priest is almost dead.
You shoot an arrow.
The arrow closely misses the orc high priest.
The arrow hits the rust devil!!
You kill the rust devil!
The rust devil disappears in a puff of smoke!
You shoot an arrow.
The arrow closely misses the orc high priest.
You shoot an arrow.
The arrow closely misses the orc high priest.
Jorgrun casts a spell at you. The iron shot hits you!!!
Ouch! That really hurt!
The grasping roots constrict you!
You die...

...... .......
#.....#.......
##........$....
...............
...#.....g...##
.....ยค.........
..P...o........
......o@.......
...............
P.P............
......$........
...............
..............#
...............
...............


You could see Jorgrun, an orc high priest and an orc warrior.

Vanquished Creatures
  Rupert (Lair:4)
  A dire elephant (Lair:5)
  A fire dragon (D:14)
  A great orb of eyes (D:15)
  Fannar (Lair:1)
  Josephine (D:14)
  5 hydras
  A vault guard (D:14)
  2 ogre magi
  2 catoblepae
  7 centaur warriors
  6 boulder beetles
  A tengu warrior (D:14)
  A deep troll shaman (Lair:5)
  6 two-headed ogres
  7 death yaks
  3 skysharks
  Lodul (D:14)
  A swamp dragon (shapeshifter) (D:13)
  A wizard (D:14)
  3 orc knights
  2 deep elf pyromancers (D:14)
  An orc sorcerer (D:15)
  5 cyclopes
  11 ugly things
  A salamander (D:15)
  4 manticores
  Maurice (D:8)
  A moth of wrath (shapeshifter) (D:15)
  A merfolk siren (Lair:2)
  8 slime creatures
  2 torpor snails
  4 elephants
  5 black mambas
  11 cane toads
  2 unseen horrors
  A gargoyle (D:12)
  2 rime drakes
  A rime drake (shapeshifter) (D:14)
  An efreet (D:13)
  A kobold demonologist (D:10)
  12 komodo dragons
  2 tengu conjurers (D:14)
  A troll (shapeshifter) (D:14)
  4 trolls
  5 polar bears
  3 merfolk (Lair:2)
  A wolf spider simulacrum (D:12)
  2 hornets
  A blink frog (shapeshifter) (D:14)
  4 dream sheep (Lair:4)
  7 blink frogs
  A centaur simulacrum (D:15)
  A jumping spider (Lair:2)
  2 wyverns
  7 wraiths
  58 yaks
  A shadow (D:12)
  2 vampires
  A human (shapeshifter) (D:14)
  6 basilisks
  A yak (shapeshifter) (D:14)
  A steam dragon (Lair:4)
  2 redbacks (Lair:2)
  5 vampire mosquitoes
  Menkaure (D:5)
  5 wargs
  3 acid dragons
  9 water moccasins
  A sky beast (D:6)
  2 ice beasts
  4 black bears
  A black bear (shapeshifter) (D:14)
  17 ogres
  13 orc warriors
  30 wolves
  3 phantoms
  10 centaurs
  5 kobold brigands
  2 gnoll sergeants (D:12)
  12 bullfrogs
  4 scorpions (D:5)
  A cane toad simulacrum (Lair:1)
  9 wights
  9 killer bees
  An elephant simulacrum (Lair:1)
  A howler monkey (D:4)
  3 electric eels
  2 jellies
  3 gnoll boudas
  2 hounds
  5 orc priests
  A sleepcap (D:7)
  2 iguanas
  14 orc wizards
  5 hell rats (Lair:5)
  29 gnolls
  9 adders
  A white imp (D:7)
  3 ufetubi
  A worm (D:4)
  2 dart slugs (D:1)
  32 orcs
  7 ball pythons
  4 bats
  3 endoplasms
  3 giant cockroaches
  8 goblins
  9 hobgoblins
  3 jackals (D:3)
  35 kobolds
  4 quokkas
  4 frilled lizards
  A jackal zombie (D:6)
  A kobold zombie (D:6)
  10 rats
597 creatures vanquished.

Notes
Turn   | Place    | Note
-------+----------+-------------------------------------------
     0 | D:1      | qw the Gargoyle Hunter began the quest for the Orb.
     0 | D:1      | Reached XP level 1. HP: 12/12 MP: 1/1
     0 | D:1      | 0 ||| qw: Version: 0.3-a-83-gcd0e7d8
     0 | D:1      | 0 ||| qw: Game counter: 1612
     0 | D:1      | 0 ||| qw: Melee chars always use a shield: true
     0 | D:1      | 0 ||| qw: God list: Okawaru
     0 | D:1      | 0 ||| qw: Allow faded altars: false
     0 | D:1      | 0 ||| qw: Do Orc after clearing Dungeon:15 true
     0 | D:1      | 0 ||| qw: Do second Lair branch before Depths: true
     0 | D:1      | 0 ||| qw: Lair rune preference: random
     0 | D:1      | 0 ||| qw: Goals: Normal
     0 | D:1      | 0 ||| PLANNING D:1-11
   124 | D:1      | Reached XP level 2. HP: 17/17 MP: 2/2
   389 | D:1      | Found Cuacruec's Distillery.
   397 | D:1      | 397 ||| BUYING potion of curing (33 gold).
   397 | D:1      | Bought a potion of curing for 33 gold pieces
   397 | D:1      | 397 ||| SHOPLISTING potion of curing (33 gold, have 19).
   397 | D:1      | 397 ||| SHOPLISTING potion of haste (110 gold, have 19).
   397 | D:1      | 397 ||| SHOPLISTING potion of mutation (88 gold, have 19).
   397 | D:1      | 397 ||| SHOPLISTING potion of resistance (110 gold, have
                  | 19).
   424 | D:1      | Reached XP level 3. HP: 21/21 MP: 3/3
   692 | D:1      | Reached skill level 5 in Ranged Weapons
   771 | D:1      | 771 ||| UPGRADING to +0 ring mail.
   781 | D:1      | 781 ||| DROPPING +0 leather armour.
   782 | D:1      | 782 ||| UPGRADING to amulet of regeneration.
   787 | D:1      | 787 ||| READING scroll labelled IGGUGE GUXTO YTUTH.
   792 | D:1      | 792 ||| READING scroll labelled MUJOL TADAW.
   792 | D:1      | Identified a scroll of acquirement
   792 | D:1      | 792 ||| ACQUIRING +3 longbow of flaming
   792 | D:1      | Acquired a +3 longbow of flaming
   794 | D:1      | 794 ||| SWAPPING to +3 longbow of flaming.
   795 | D:1      | 795 ||| DROPPING +0 shortbow.
   796 | D:1      | 796 ||| READING 2 scrolls labelled RIKUUT HERU.
   797 | D:1      | 797 ||| READING scroll labelled PUGIBL RIDEE.
   798 | D:1      | 798 ||| DROPPING scroll of butterflies.
   916 | D:2      | Reached skill level 1 in Armour
   947 | D:2      | Found Necebyu's General Store.
   958 | D:2      | 958 ||| SHOPLISTING potion of haste (100 gold, have 81).
   958 | D:2      | 958 ||| SHOPLISTING ring of willpower (250 gold, have 81).
  1120 | D:2      | Reached XP level 4. HP: 27/27 MP: 4/4
  1122 | D:2      | Reached skill level 3 in Fighting
  1239 | D:3      | 1239 ||| STAIRDANCE
  1584 | D:3      | Reached XP level 5. HP: 32/32 MP: 5/5
  1670 | D:3      | 1670 ||| READING scroll of acquirement.
  1670 | D:3      | 1670 ||| ACQUIRING +1 helmet of the Northern Lights {Str+2}
  1670 | D:3      | Acquired the +1 helmet of the Northern Lights {Str+2}
  1672 | D:3      | 1672 ||| UPGRADING to +1 helmet of the Northern Lights
                  | {Str+2}.
  1818 | D:3      | 1818 ||| READING 3 scrolls labelled KIROILUADDA.
  1819 | D:3      | 1819 ||| READING scroll labelled DUDANL JIFAC.
  1820 | D:3      | 1820 ||| DROPPING 2 scrolls of blinking.
  1839 | D:4      | 1839 ||| PLANNING SEWER
  1846 | D:4      | Found a shimmering blue altar of Sif Muna.
  1888 | D:4      | 1888 ||| DRINKING 3 potions of curing.
  1888 | D:4      | 1888 ||| (to cure confusion)
  1890 | D:4      | Reached skill level 6 in Ranged Weapons
  1986 | D:4      | Noticed a black bear
  1990 | D:4      | Killed a black bear
  1991 | D:4      | Reached XP level 6. HP: 39/39 MP: 6/6
  2039 | D:4      | Found a staircase to the Ecumenical Temple.
  2302 | D:4      | Found Cigaeluc's Distillery.
  2310 | D:4      | 2310 ||| BUYING potion of curing (42 gold).
  2310 | D:4      | Bought a potion of curing for 42 gold pieces
  2310 | D:4      | 2310 ||| BUYING potion of enlightenment (70 gold).
  2310 | D:4      | Bought a potion of enlightenment for 70 gold pieces
  2310 | D:4      | 2310 ||| BUYING potion of heal wounds (70 gold).
  2310 | D:4      | Bought a potion of heal wounds for 70 gold pieces
  2310 | D:4      | 2310 ||| SHOPLISTING potion of heal wounds (70 gold, have
                  | 51).
  2423 | D:4      | 2423 ||| RIP SEWER
  2489 | D:4      | 2489 ||| PLANNING TEMPLE
  2490 | D:4      | Reached skill level 7 in Ranged Weapons
  2490 | D:4      | 2490 ||| DROPPING ring of flight.
  2491 | D:4      | 2491 ||| READING scroll labelled YMITZO HUESEE.
  2492 | D:4      | 2492 ||| READING 2 scrolls of identify.
  2492 | D:4      | 2492 ||| IDENTIFYING purple potion
  2493 | D:4      | 2493 ||| DROPPING potion of magic.
  2528 | Temple   | Entered the Ecumenical Temple
  2529 | Temple   | 2529 ||| PLANNING OKAWARU WORSHIP
  2536 | Temple   | Became a worshipper of Warmaster Okawaru
  2537 | Temple   | 2537 ||| PLANNING D:1-11
  2696 | D:5      | Entered Level 5 of the Dungeon
  2699 | D:5      | Reached XP level 7. HP: 44/44 MP: 7/7
  2723 | D:5      | Noticed Menkaure
  2726 | D:5      | Killed Menkaure
  2727 | D:5      | Reached skill level 8 in Ranged Weapons
  2729 | D:5      | 2729 ||| FLEEEEING.
  2734 | D:5      | 2734 ||| RETREEAATING.
  2740 | D:5      | HP: 5/44 [ogre/+0 giant spiked club (17)]
  2741 | D:5      | 2741 ||| DRINKING potion of heal wounds.
  2743 | D:5      | HP: 1/44 [ogre/+0 giant spiked club (21)]
  2744 | D:5      | Reached * piety under Okawaru
  2745 | D:5      | 2745 ||| INVOKING Heroism.
  2747 | D:5      | Reached XP level 8. HP: 5/50 MP: 5/8
  2748 | D:5      | Reached skill level 1 in Invocations
  2764 | D:5      | 2764 ||| FLEEEEING.
  2765 | D:5      | 2765 ||| FLEEEEING.
  2766 | D:5      | 2766 ||| FLEEEEING.
  2767 | D:5      | 2767 ||| FLEEEEING.
  2768 | D:5      | 2768 ||| FLEEEEING.
  2769 | D:5      | 2769 ||| FLEEEEING.
  2770 | D:5      | 2770 ||| FLEEEEING.
  2771 | D:5      | 2771 ||| STAIRDANCE
  2789 | D:4      | 2789 ||| READING scroll labelled COGY ROTAKYICH.
  2792 | D:5      | 2792 ||| INVOKING Heroism.
  2794 | D:5      | 2794 ||| STAIRDANCE
  2857 | D:5      | Found a runed translucent door.
  2858 | D:5      | Noticed Crazy Yiuf
  2939 | D:5      | 2939 ||| INVOKING Heroism.
  2940 | D:5      | 2940 ||| INVOKING Heroism.
  2989 | D:5      | Reached skill level 3 in Invocations
  3009 | D:5      | Reached skill level 9 in Ranged Weapons
  3237 | D:5      | Found a blossoming altar of Fedhas.
  3305 | D:5      | 3305 ||| INVOKING Heroism.
  3339 | D:5      | Found Eppyopiq's Armour Shoppe.
  3344 | D:5      | 3344 ||| SHOPLISTING +0 helmet of see invisible (161 gold,
                  | have 130).
  3344 | D:5      | 3344 ||| BUYING +0 pair of boots (63 gold).
  3344 | D:5      | Bought a +0 pair of boots for 63 gold pieces
  3344 | D:5      | 3344 ||| SHOPLISTING +1 ring mail of positive energy (182
                  | gold, have 67).
  3344 | D:5      | 3344 ||| SHOPLISTING +2 ring mail "Qacuux" {rF+ rC++ rCorr
                  | SInv} (774 gold, have 67).
  3344 | D:5      | 3344 ||| SHOPLISTING +2 ring mail of poison resistance (252
                  | gold, have 67).
  3344 | D:5      | 3344 ||| SHOPLISTING +3 leather armour of positive energy
                  | (294 gold, have 67).
  3405 | D:5      | 3405 ||| UPGRADING to +0 pair of boots.
  3410 | D:5      | 3410 ||| READING scroll labelled RISHRO IKUFA.
  3448 | D:6      | 3448 ||| INVOKING Heroism.
  3452 | D:6      | Reached skill level 6 in Fighting
  3536 | D:6      | 3536 ||| INVOKING Heroism.
  3540 | D:6      | Reached XP level 9. HP: 55/55 MP: 9/12
  3619 | D:6      | Found a burning altar of Makhleb.
  3623 | D:6      | Noticed a green death
  3625 | D:6      | Found a glowing silver altar of Zin.
  3626 | D:6      | Noticed an angel
  3687 | D:6      | Identified the -2 pair of gloves of Fycerai {+Blink rElec
                  | rF- Int+4}
  3739 | D:6      | 3739 ||| UPGRADING to +0 pair of gloves.
  3746 | D:6      | 3746 ||| DROPPING -2 pair of gloves of Fycerai {+Blink
                  | rElec rF- Int+4}.
  3747 | D:6      | 3747 ||| UPGRADING to +2 helmet.
  3757 | D:6      | 3757 ||| DROPPING +1 helmet of the Northern Lights {Str+2}.
  3778 | D:6      | Found a runed translucent door.
  3782 | D:6      | Found a basalt altar of Yredelemnul.
  3938 | D:6      | 3938 ||| READING 2 scrolls of identify.
  3938 | D:6      | 3938 ||| IDENTIFYING fizzy dark potion
  4219 | D:7      | 4219 ||| INVOKING Heroism.
  4221 | D:7      | Reached skill level 3 in Armour
  4401 | D:7      | 4401 ||| RETREEAATING.
  4402 | D:7      | 4402 ||| INVOKING Heroism.
  4404 | D:7      | Reached skill level 10 in Ranged Weapons
  4583 | D:7      | 4583 ||| FLEEEEING.
  4584 | D:7      | 4584 ||| FLEEEEING.
  4585 | D:7      | 4585 ||| FLEEEEING.
  4586 | D:7      | 4586 ||| FLEEEEING.
  4587 | D:7      | 4587 ||| FLEEEEING.
  4588 | D:7      | 4588 ||| FLEEEEING.
  4642 | D:7      | 4642 ||| INVOKING Heroism.
  4861 | D:7      | 4861 ||| UPGRADING to amulet of faith.
  4871 | D:7      | 4871 ||| READING 3 scrolls of identify.
  4871 | D:7      | 4871 ||| IDENTIFYING golden potion
  4872 | D:7      | 4872 ||| READING 2 scrolls of identify.
  4872 | D:7      | 4872 ||| IDENTIFYING fizzy yellow potion
  4890 | D:8      | Noticed a hornet
  4891 | D:8      | 4891 ||| PLANNING OSSUARY
  4891 | D:8      | 4891 ||| RETREEAATING.
  4892 | D:8      | 4892 ||| STILL RETREEAATING.
  4893 | D:8      | 4893 ||| STILL RETREEAATING.
  4894 | D:8      | 4894 ||| STILL RETREEAATING.
  4895 | D:8      | 4895 ||| STILL RETREEAATING.
  4896 | D:8      | 4896 ||| RETREEAATING.
  4897 | D:8      | 4897 ||| Stepping ~*~*~tactically~*~*~ (retreating).
  4898 | D:8      | 4898 ||| Stepping ~*~*~tactically~*~*~ (retreating).
  4899 | D:8      | 4899 ||| Stepping ~*~*~tactically~*~*~ (retreating).
  4900 | D:8      | 4900 ||| Stepping ~*~*~tactically~*~*~ (retreating).
  4903 | D:8      | 4903 ||| INVOKING Heroism.
  4909 | D:8      | Killed a hornet
  4909 | D:8      | Reached ** piety under Okawaru
  4916 | D:8      | 4916 ||| INVOKING Heroism.
  4919 | D:8      | Reached skill level 11 in Ranged Weapons
  4930 | D:8      | Noticed Maurice
  4933 | D:8      | HP: 13/57 [Maurice/bolt of acid (12)]
  4934 | D:8      | 4934 ||| READING 2 scrolls of teleportation.
  4935 | D:8      | 4935 ||| DRINKING 2 potions of heal wounds.
  5044 | D:8      | 5044 ||| Stepping randomly (disturbance).
  5045 | D:8      | 5045 ||| Stepping randomly (disturbance).
  5046 | D:8      | 5046 ||| Stepping randomly (disturbance).
  5062 | D:8      | Killed an unseen horror
  5063 | D:8      | Reached skill level 3 in Dodging
  5063 | D:8      | Reached XP level 10. HP: 28/63 MP: 13/13
  5218 | D:8      | Something stole an amulet of regeneration
  5219 | D:8      | Something stole 198 gold
  5223 | D:8      | Killed Maurice
  5453 | D:8      | 5453 ||| RETREEAATING.
  5463 | D:8      | Reached *** piety under Okawaru
  5464 | D:8      | 5464 ||| RETREEAATING.
  5466 | D:8      | 5466 ||| STILL RETREEAATING.
  5467 | D:8      | 5467 ||| STILL RETREEAATING.
  5468 | D:8      | 5468 ||| STILL RETREEAATING.
  5469 | D:8      | 5469 ||| STILL RETREEAATING.
  5470 | D:8      | 5470 ||| STILL RETREEAATING.
  5471 | D:8      | 5471 ||| STILL RETREEAATING.
  5472 | D:8      | 5472 ||| STILL RETREEAATING.
  5473 | D:8      | 5473 ||| STILL RETREEAATING.
  5474 | D:8      | 5474 ||| STILL RETREEAATING.
  5475 | D:8      | 5475 ||| STILL RETREEAATING.
  5476 | D:8      | 5476 ||| STILL RETREEAATING.
  5568 | D:8      | 5568 ||| RIP OSSUARY
  5572 | D:8      | 5572 ||| PLANNING D:1-11
  5755 | D:8      | Found a stormy altar of Qazlal.
  5809 | D:8      | 5809 ||| UPGRADING to +0 cloak.
  5814 | D:8      | 5814 ||| DROPPING amulet of magic regeneration.
  5815 | D:8      | 5815 ||| DROPPING ring of magical power.
  5860 | D:9      | 5860 ||| STAIRDANCE
  5865 | D:9      | 5865 ||| STAIRDANCE
  5971 | D:9      | Found a bloodstained altar of Trog.
  5997 | D:9      | 5997 ||| INVOKING Heroism.
  6060 | D:9      | 6060 ||| INVOKING Heroism.
  6128 | D:9      | 6128 ||| Stepping ~*~*~tactically~*~*~ (retreating).
  6129 | D:9      | Reached **** piety under Okawaru
  6130 | D:9      | Reached skill level 12 in Ranged Weapons
  6132 | D:9      | 6132 ||| Stepping ~*~*~tactically~*~*~ (retreating).
  6141 | D:9      | 6141 ||| INVOKING Heroism.
  6372 | D:9      | Found a staircase to the Lair.
  6383 | D:9      | 6383 ||| INVOKING Heroism.
  6538 | D:9      | 6538 ||| INVOKING Heroism.
  6631 | D:9      | 6631 ||| INVOKING Heroism.
  6750 | D:9      | 6750 ||| PLANNING LAIR
  6750 | D:9      | 6750 ||| READING scroll labelled EWKUHI URHOAV.
  6751 | D:9      | 6751 ||| READING 2 scrolls of identify.
  6751 | D:9      | 6751 ||| IDENTIFYING fuming red potion
  6752 | D:9      | 6752 ||| DROPPING potion of degeneration.
  6797 | Lair:1   | Entered Level 1 of the Lair of Beasts
  6806 | Lair:1   | 6806 ||| RETREEAATING.
  6807 | Lair:1   | 6807 ||| STILL RETREEAATING.
  6808 | Lair:1   | 6808 ||| Stepping ~*~*~tactically~*~*~ (retreating).
  6821 | Lair:1   | 6821 ||| INVOKING Heroism.
  6834 | Lair:1   | Reached skill level 13 in Ranged Weapons
  6863 | Lair:1   | 6863 ||| FLEEEEING.
  6865 | Lair:1   | 6865 ||| STAIRDANCE
  6917 | Lair:1   | Reached XP level 11. HP: 68/68 MP: 14/14
  6976 | Lair:1   | 6976 ||| INVOKING Heroism.
  6985 | Lair:1   | Reached skill level 9 in Fighting
  7013 | Lair:1   | 7013 ||| INVOKING Heroism.
  7073 | Lair:1   | 7073 ||| RETREEAATING.
  7074 | Lair:1   | 7074 ||| STILL RETREEAATING.
  7075 | Lair:1   | 7075 ||| STILL RETREEAATING.
  7076 | Lair:1   | 7076 ||| STILL RETREEAATING.
  7077 | Lair:1   | 7077 ||| STILL RETREEAATING.
  7078 | Lair:1   | 7078 ||| STILL RETREEAATING.
  7079 | Lair:1   | 7079 ||| STILL RETREEAATING.
  7080 | Lair:1   | 7080 ||| STILL RETREEAATING.
  7081 | Lair:1   | 7081 ||| STILL RETREEAATING.
  7082 | Lair:1   | 7082 ||| STILL RETREEAATING.
  7180 | Lair:1   | 7180 ||| INVOKING Heroism.
  7265 | Lair:1   | Found a frozen archway.
  7311 | Lair:1   | 7311 ||| INVOKING Heroism.
  7405 | Lair:1   | 7405 ||| Stepping ~*~*~tactically~*~*~ (retreating).
  7406 | Lair:1   | 7406 ||| Stepping ~*~*~tactically~*~*~ (retreating).
  7407 | Lair:1   | 7407 ||| Stepping ~*~*~tactically~*~*~ (retreating).
  7417 | Lair:1   | Reached ***** piety under Okawaru
  7419 | Lair:1   | Reached skill level 6 in Invocations
  7491 | Lair:1   | Noticed Fannar
  7496 | Lair:1   | 7496 ||| RETREEAATING.
  7497 | Lair:1   | 7497 ||| STILL RETREEAATING.
  7498 | Lair:1   | 7498 ||| STILL RETREEAATING.
  7500 | Lair:1   | 7500 ||| INVOKING Heroism.
  7505 | Lair:1   | Killed Fannar
  7608 | Lair:1   | 7608 ||| INVOKING Heroism.
  7751 | Lair:1   | 7751 ||| INVOKING Heroism.
  7923 | Lair:1   | Received a gift from Okawaru
  7969 | Lair:1   | 7969 ||| RETREEAATING.
  8112 | Lair:1   | 8112 ||| UPGRADING to +1 robe of cold resistance.
  8122 | Lair:1   | 8122 ||| DROPPING amulet of regeneration.
  8123 | Lair:1   | 8123 ||| DRINKING 2 fizzy golden potions.
  8124 | Lair:1   | 8124 ||| DROPPING potion of invisibility.
  8170 | Lair:2   | Reached skill level 14 in Ranged Weapons
  8201 | Lair:2   | 8201 ||| INVOKING Heroism.
  8227 | Lair:2   | Noticed a five-headed hydra
  8228 | Lair:2   | 8228 ||| INVOKING Heroism.
  8233 | Lair:2   | Killed a five-headed hydra
  8258 | Lair:2   | Reached XP level 12. HP: 77/77 MP: 18/18
  8285 | Lair:2   | 8285 ||| RETREEAATING.
  8288 | Lair:2   | 8288 ||| Stepping ~*~*~tactically~*~*~ (retreating).
  8295 | Lair:2   | 8295 ||| INVOKING Heroism.
  8399 | Lair:2   | 8399 ||| Stepping ~*~*~tactically~*~*~ (retreating).
  8400 | Lair:2   | 8400 ||| Stepping ~*~*~tactically~*~*~ (retreating).
  8401 | Lair:2   | 8401 ||| Stepping ~*~*~tactically~*~*~ (retreating).
  8402 | Lair:2   | 8402 ||| Stepping ~*~*~tactically~*~*~ (retreating).
  8403 | Lair:2   | 8403 ||| Stepping ~*~*~tactically~*~*~ (retreating).
  8404 | Lair:2   | 8404 ||| Stepping ~*~*~tactically~*~*~ (retreating).
  8405 | Lair:2   | 8405 ||| Stepping ~*~*~tactically~*~*~ (retreating).
  8406 | Lair:2   | 8406 ||| Stepping ~*~*~tactically~*~*~ (retreating).
  8407 | Lair:2   | 8407 ||| Stepping ~*~*~tactically~*~*~ (retreating).
  8411 | Lair:2   | 8411 ||| Stepping ~*~*~tactically~*~*~ (retreating).
  8421 | Lair:2   | Reached skill level 9 in Invocations
  8424 | Lair:2   | 8424 ||| INVOKING Heroism.
  8704 | Lair:2   | Noticed a death yak
  8705 | Lair:2   | 8705 ||| READING scroll labelled QOJUQOOZAO.
  8706 | Lair:2   | 8706 ||| INVOKING Heroism.
  8707 | Lair:2   | 8707 ||| INVOKING Finesse.
  8716 | Lair:2   | Killed a death yak
  8788 | Lair:2   | Noticed a catoblepas
  8789 | Lair:2   | 8789 ||| INVOKING Heroism.
  8790 | Lair:2   | 8790 ||| INVOKING Finesse.
  8793 | Lair:2   | Killed a catoblepas
  8880 | Lair:2   | Found a hole to the Spider Nest.
  8946 | Lair:2   | Noticed a death yak
  8947 | Lair:2   | 8947 ||| INVOKING Heroism.
  8948 | Lair:2   | 8948 ||| RETREEAATING.
  8955 | Lair:2   | Killed a death yak
  9050 | Lair:2   | Found a staircase to the Shoals.
  9051 | Lair:2   | 9051 ||| RETREEAATING.
  9053 | Lair:2   | 9053 ||| RETREEAATING.
  9055 | Lair:2   | 9055 ||| RETREEAATING.
  9060 | Lair:2   | 9060 ||| INVOKING Heroism.
  9068 | Lair:2   | HP: 19/77 [merfolk/+0 trident (8)]
  9069 | Lair:2   | 9069 ||| READING 5 scrolls of teleportation.
  9514 | Lair:2   | Reached skill level 15 in Ranged Weapons
  9603 | Lair:2   | 9603 ||| DRINKING 2 viscous golden potions.
  9604 | Lair:2   | 9604 ||| READING 3 scrolls of identify.
  9604 | Lair:2   | 9604 ||| IDENTIFYING emerald potion
  9605 | Lair:2   | 9605 ||| READING 2 scrolls of identify.
  9605 | Lair:2   | 9605 ||| IDENTIFYING bubbling yellow potion
  9606 | Lair:2   | 9606 ||| DROPPING potion of brilliance.
  9607 | Lair:2   | 9607 ||| DROPPING potion of lignification.
  9662 | Lair:3   | Received a gift from Okawaru
  9775 | Lair:3   | Noticed a skyshark
  9776 | Lair:3   | 9776 ||| Stepping ~*~*~tactically~*~*~ (retreating).
  9777 | Lair:3   | 9777 ||| Stepping ~*~*~tactically~*~*~ (retreating).
  9779 | Lair:3   | 9779 ||| Stepping ~*~*~tactically~*~*~ (retreating).
  9780 | Lair:3   | 9780 ||| Stepping ~*~*~tactically~*~*~ (retreating).
  9781 | Lair:3   | 9781 ||| Stepping ~*~*~tactically~*~*~ (retreating).
  9784 | Lair:3   | 9784 ||| INVOKING Heroism.
  9796 | Lair:3   | Killed a skyshark
  9995 | Lair:3   | 9995 ||| RETREEAATING.
  9997 | Lair:3   | 9997 ||| RETREEAATING.
 10000 | Lair:3   | 10000 ||| Stepping ~*~*~tactically~*~*~ (retreating).
 10019 | Lair:3   | Reached XP level 13. HP: 61/82 MP: 20/20
 10027 | Lair:3   | Reached skill level 16 in Ranged Weapons
 10056 | Lair:3   | 10056 ||| INVOKING Heroism.
 10130 | Lair:3   | 10130 ||| INVOKING Heroism.
 10166 | Lair:3   | 10166 ||| READING scroll of acquirement.
 10166 | Lair:3   | 10166 ||| ACQUIRING 922 gold pieces
 10166 | Lair:3   | Acquired 922 gold pieces
 10342 | Lair:3   | 10342 ||| INVOKING Heroism.
 10363 | Lair:3   | 10363 ||| READING scroll of acquirement.
 10363 | Lair:3   | 10363 ||| ACQUIRING +8 longbow "Zephyr" {speed, Dex+3 SInv}
 10363 | Lair:3   | Acquired the +8 longbow "Zephyr" {speed, Dex+3 SInv}
 10363 | Lair:3   | Found the +8 longbow "Zephyr" {speed, Dex+3 SInv}
 10365 | Lair:3   | 10365 ||| SWAPPING to +8 longbow "Zephyr" {speed, Dex+3
                  | SInv}.
 10366 | Lair:3   | 10366 ||| DROPPING +4 longbow of flaming.
 10581 | Lair:3   | 10581 ||| UPGRADING to ring of resist corrosion.
 10639 | Lair:4   | 10639 ||| INVOKING Heroism.
 10734 | Lair:4   | 10734 ||| INVOKING Heroism.
 10796 | Lair:4   | Found a staircase to the Slime Pits.
 10797 | Lair:4   | Found a viscous altar of Jiyva.
 10856 | Lair:4   | Reached skill level 6 in Dodging
 10880 | Lair:4   | 10880 ||| INVOKING Heroism.
 10921 | Lair:4   | Found a bloodstained altar of Trog.
 10921 | Lair:4   | Noticed qw's ghost (journeyman GrHu)
 10928 | Lair:4   | Found a transporter.
 10942 | Lair:4   | 10942 ||| RETREEAATING.
 10943 | Lair:4   | 10943 ||| RETREEAATING.
 10944 | Lair:4   | 10944 ||| Stepping ~*~*~tactically~*~*~ (retreating).
 10946 | Lair:4   | 10946 ||| RETREEAATING.
 10947 | Lair:4   | 10947 ||| Stepping ~*~*~tactically~*~*~ (retreating).
 10948 | Lair:4   | 10948 ||| Stepping ~*~*~tactically~*~*~ (retreating).
 10949 | Lair:4   | 10949 ||| Stepping ~*~*~tactically~*~*~ (retreating).
 10949 | Lair:4   | Noticed Rupert
 10950 | Lair:4   | 10950 ||| Stepping ~*~*~tactically~*~*~ (retreating).
 10951 | Lair:4   | 10951 ||| Stepping ~*~*~tactically~*~*~ (retreating).
 10956 | Lair:4   | Received a gift from Okawaru
 10957 | Lair:4   | 10957 ||| Stepping ~*~*~tactically~*~*~ (retreating).
 10958 | Lair:4   | 10958 ||| Stepping ~*~*~tactically~*~*~ (retreating).
 10959 | Lair:4   | 10959 ||| Stepping ~*~*~tactically~*~*~ (retreating).
 10972 | Lair:4   | 10972 ||| INVOKING Heroism.
 11087 | Lair:4   | 11087 ||| INVOKING Heroism.
 11088 | Lair:4   | 11088 ||| DRINKING 5 potions of curing.
 11088 | Lair:4   | 11088 ||| (to cure confusion)
 11089 | Lair:4   | 11089 ||| INVOKING Finesse.
 11105 | Lair:4   | Killed Rupert
 11210 | Lair:4   | Found a transporter.
 11298 | Lair:4   | 11298 ||| FLEEEEING.
 11299 | Lair:4   | 11299 ||| FLEEEEING.
 11300 | Lair:4   | 11300 ||| FLEEEEING.
 11301 | Lair:4   | 11301 ||| FLEEEEING.
 11302 | Lair:4   | 11302 ||| FLEEEEING.
 11303 | Lair:4   | 11303 ||| FLEEEEING.
 11304 | Lair:4   | 11304 ||| FLEEEEING.
 11305 | Lair:4   | 11305 ||| FLEEEEING.
 11306 | Lair:4   | 11306 ||| FLEEEEING.
 11307 | Lair:4   | 11307 ||| FLEEEEING.
 11308 | Lair:4   | 11308 ||| FLEEEEING.
 11309 | Lair:4   | 11309 ||| FLEEEEING.
 11310 | Lair:4   | 11310 ||| FLEEEEING.
 11311 | Lair:4   | 11311 ||| STAIRDANCE
 11313 | Lair:3   | 11313 ||| READING scroll labelled LIULEROFEKH.
 11366 | Lair:4   | 11366 ||| INVOKING Heroism.
 11373 | Lair:4   | Reached skill level 17 in Ranged Weapons
 11373 | Lair:4   | 11373 ||| STAIRDANCE
 11386 | Lair:4   | 11386 ||| Stepping ~*~*~tactically~*~*~ (cloud).
 11642 | Lair:5   | Entered Level 5 of the Lair of Beasts
 11645 | Lair:5   | Identified the +4 mace of the Dancing Genius {flame, Int-3
                  | Dex+7}
 11675 | Lair:5   | 11675 ||| INVOKING Heroism.
 11785 | Lair:5   | 11785 ||| INVOKING Heroism.
 11786 | Lair:5   | 11786 ||| RETREEAATING.
 11787 | Lair:5   | 11787 ||| STILL RETREEAATING.
 11840 | Lair:5   | 11840 ||| INVOKING Heroism.
 11881 | Lair:5   | 11881 ||| RETREEAATING.
 11883 | Lair:5   | 11883 ||| RETREEAATING.
 11885 | Lair:5   | 11885 ||| RETREEAATING.
 11886 | Lair:5   | 11886 ||| INVOKING Finesse.
 11917 | Lair:5   | 11917 ||| INVOKING Finesse.
 11934 | Lair:5   | 11934 ||| INVOKING Heroism.
 11943 | Lair:5   | Gained mutation: Your large and strong wings let you fly.
                  | [Gargoyle growth]
 11943 | Lair:5   | Reached XP level 14. HP: 85/90 MP: 12/21
 11998 | Lair:5   | 11998 ||| INVOKING Heroism.
 11999 | Lair:5   | 11999 ||| INVOKING Finesse.
 12019 | Lair:5   | Noticed a dire elephant
 12030 | Lair:5   | Killed a dire elephant
 12212 | Lair:5   | Reached skill level 18 in Ranged Weapons
 12543 | Lair:5   | Received a gift from Okawaru
 12690 | Lair:5   | 12690 ||| PLANNING D:1-11
 12690 | Lair:5   | 12690 ||| DROPPING +0 ring mail.
 12691 | Lair:5   | 12691 ||| UPGRADING to +0 troll leather armour.
 12701 | Lair:5   | 12701 ||| DROPPING +1 robe of cold resistance.
 12828 | D:10     | Entered Level 10 of the Dungeon
 13072 | D:10     | 13072 ||| Stepping ~*~*~tactically~*~*~ (retreating).
 13073 | D:10     | 13073 ||| Stepping ~*~*~tactically~*~*~ (retreating).
 13074 | D:10     | 13074 ||| Stepping ~*~*~tactically~*~*~ (retreating).
 13075 | D:10     | 13075 ||| Stepping ~*~*~tactically~*~*~ (retreating).
 13089 | D:10     | 13089 ||| INVOKING Heroism.
 13434 | D:10     | Found a shadowy altar of Dithmenos.
 13511 | D:10     | 13511 ||| DROPPING ring of wizardry.
 13543 | D:11     | Reached skill level 12 in Fighting
 13609 | D:11     | Found a staircase to the Orcish Mines.
 13625 | D:11     | 13625 ||| INVOKING Heroism.
 13626 | D:11     | 13626 ||| INVOKING Finesse.
 13891 | D:11     | Reached skill level 6 in Armour
 14401 | D:11     | 14401 ||| PLANNING D
 14401 | D:11     | 14401 ||| UPGRADING to +1 pair of gloves.
 14411 | D:11     | 14411 ||| DROPPING +0 pair of gloves.
 14412 | D:11     | 14412 ||| UPGRADING to +6 ring of strength.
 14564 | D:12     | 14564 ||| RETREEAATING.
 14565 | D:12     | 14565 ||| STILL RETREEAATING.
 14581 | D:12     | 14581 ||| STILL RETREEAATING.
 14584 | D:12     | 14584 ||| Stepping ~*~*~tactically~*~*~ (retreating).
 14738 | D:12     | Received a gift from Okawaru
 14784 | D:12     | 14784 ||| INVOKING Heroism.
 14785 | D:12     | 14785 ||| INVOKING Finesse.
 15277 | D:12     | 15277 ||| DROPPING +2 leather armour of poison resistance.
 15278 | D:12     | 15278 ||| READING scroll labelled NYNAKO DUXA.
 15371 | D:13     | 15371 ||| INVOKING Heroism.
 15372 | D:13     | 15372 ||| INVOKING Finesse.
 15460 | D:13     | 15460 ||| INVOKING Heroism.
 15467 | D:13     | Reached skill level 19 in Ranged Weapons
 16286 | D:14     | 16286 ||| INVOKING Heroism.
 16287 | D:14     | 16287 ||| INVOKING Finesse.
 16335 | D:14     | Identified the +0 buckler "Caem" {Dex+7}
 16381 | D:14     | Identified the ring "Nyhaohac" {rC+ Stlth+}
 16382 | D:14     | 16382 ||| INVOKING Heroism.
 16385 | D:14     | 16385 ||| INVOKING Finesse.
 16388 | D:14     | 16388 ||| RETREEAATING.
 16389 | D:14     | 16389 ||| STILL RETREEAATING.
 16392 | D:14     | 16392 ||| STILL RETREEAATING.
 16394 | D:14     | 16394 ||| Stepping ~*~*~tactically~*~*~ (retreating).
 16403 | D:14     | Reached XP level 15. HP: 92/98 MP: 15/22
 16462 | D:14     | 16462 ||| INVOKING Heroism.
 16603 | D:14     | Received a gift from Okawaru
 16613 | D:14     | 16613 ||| INVOKING Heroism.
 16625 | D:14     | HP: 23/98 [eight-headed hydra (4)]
 16626 | D:14     | 16626 ||| READING 7 scrolls of teleportation.
 16627 | D:14     | 16627 ||| DRINKING 3 potions of heal wounds.
 16808 | D:14     | 16808 ||| RETREEAATING.
 16811 | D:14     | 16811 ||| STILL RETREEAATING.
 16831 | D:14     | 16831 ||| RETREEAATING.
 16832 | D:14     | 16832 ||| STILL RETREEAATING.
 16842 | D:14     | Noticed Josephine
 16854 | D:14     | 16854 ||| Stepping ~*~*~tactically~*~*~ (retreating).
 16856 | D:14     | 16856 ||| Stepping ~*~*~tactically~*~*~ (retreating).
 16861 | D:14     | 16861 ||| Stepping ~*~*~tactically~*~*~ (retreating).
 16863 | D:14     | Killed Josephine
 17054 | D:14     | 17054 ||| Stepping ~*~*~tactically~*~*~ (retreating).
 17055 | D:14     | 17055 ||| Stepping ~*~*~tactically~*~*~ (retreating).
 17093 | D:14     | Received a gift from Okawaru
 17117 | D:14     | Found a gate to the Vaults.
 17174 | D:14     | Found a glowing silver altar of Zin.
 17174 | D:14     | Noticed an angel
 17292 | D:14     | Noticed Lodul
 17294 | D:14     | 17294 ||| RETREEAATING.
 17295 | D:14     | 17295 ||| STILL RETREEAATING.
 17296 | D:14     | 17296 ||| STILL RETREEAATING.
 17297 | D:14     | 17297 ||| RETREEAATING.
 17298 | D:14     | 17298 ||| STILL RETREEAATING.
 17299 | D:14     | 17299 ||| STILL RETREEAATING.
 17300 | D:14     | 17300 ||| STILL RETREEAATING.
 17301 | D:14     | 17301 ||| STILL RETREEAATING.
 17314 | D:14     | Reached skill level 20 in Ranged Weapons
 17323 | D:14     | Killed Lodul
 17404 | D:14     | 17404 ||| UPGRADING to ring "Nyhaohac" {rC+ Stlth+}.
 17406 | D:14     | 17406 ||| READING scroll labelled OCLOUHOY FEZXU.
 17507 | D:14     | 17507 ||| READING scroll labelled BIN KAYFFIU.
 17530 | D:15     | Entered Level 15 of the Dungeon
 17553 | D:15     | 17553 ||| INVOKING Heroism.
 17679 | D:15     | Found a staircase to the Depths.
 17710 | D:15     | 17710 ||| INVOKING Heroism.
 17953 | D:15     | 17953 ||| INVOKING Heroism.
 18020 | D:15     | 18020 ||| DRINKING 8 potions of curing.
 18020 | D:15     | 18020 ||| (to cure confusion)
 18023 | D:15     | 18023 ||| FLEEEEING.
 18024 | D:15     | 18024 ||| FLEEEEING.
 18025 | D:15     | 18025 ||| FLEEEEING.
 18026 | D:15     | 18026 ||| FLEEEEING.
 18027 | D:15     | 18027 ||| FLEEEEING.
 18029 | D:15     | 18029 ||| FLEEEEING.
 18032 | D:15     | 18032 ||| FLEEEEING.
 18033 | D:15     | 18033 ||| FLEEEEING.
 18034 | D:15     | 18034 ||| FLEEEEING.
 18035 | D:15     | 18035 ||| FLEEEEING.
 18036 | D:15     | 18036 ||| FLEEEEING.
 18037 | D:15     | 18037 ||| FLEEEEING.
 18043 | D:15     | 18043 ||| DRINKING 7 potions of curing.
 18043 | D:15     | 18043 ||| (to cure confusion)
 18047 | D:15     | Reached skill level 9 in Dodging
 18121 | D:15     | 18121 ||| INVOKING Heroism.
 18188 | D:15     | Received a gift from Okawaru
 18190 | D:15     | 18190 ||| INVOKING Heroism.
 18198 | D:15     | 18198 ||| RETREEAATING.
 18199 | D:15     | 18199 ||| STILL RETREEAATING.
 18200 | D:15     | 18200 ||| STILL RETREEAATING.
 18201 | D:15     | 18201 ||| STILL RETREEAATING.
 18209 | D:15     | 18209 ||| STILL RETREEAATING.
 18210 | D:15     | 18210 ||| STILL RETREEAATING.
 18641 | D:15     | 18641 ||| PLANNING ORC
 18776 | Orc:1    | Entered Level 1 of the Orcish Mines
 18777 | Orc:1    | 18777 ||| STAIRDANCE
 18790 | Orc:1    | 18790 ||| STAIRDANCE
 18796 | Orc:1    | 18796 ||| STAIRDANCE
 18810 | Orc:1    | 18810 ||| STAIRDANCE
 18826 | Orc:1    | 18826 ||| STAIRDANCE
 18828 | D:11     | 18828 ||| DRINKING 7 potions of curing.
 18828 | D:11     | 18828 ||| (to cure confusion)
 18835 | Orc:1    | 18835 ||| STAIRDANCE
 18849 | Orc:1    | 18849 ||| STAIRDANCE
 18859 | Orc:1    | 18859 ||| STAIRDANCE
 18881 | Orc:1    | 18881 ||| STAIRDANCE
 19007 | Orc:2    | Entered Level 2 of the Orcish Mines
 19007 | Orc:2    | Noticed Jorgrun
 19008 | Orc:2    | 19008 ||| INVOKING Heroism.
 19009 | Orc:2    | 19009 ||| STAIRDANCE
 19021 | Orc:2    | 19021 ||| STAIRDANCE
 19023 | Orc:1    | 19023 ||| Stepping ~*~*~tactically~*~*~ (retreating).
 19024 | Orc:1    | 19024 ||| Stepping ~*~*~tactically~*~*~ (retreating).
 19025 | Orc:1    | 19025 ||| Stepping ~*~*~tactically~*~*~ (retreating).
 19026 | Orc:1    | 19026 ||| Stepping ~*~*~tactically~*~*~ (retreating).
 19027 | Orc:1    | 19027 ||| Stepping ~*~*~tactically~*~*~ (retreating).
 19028 | Orc:1    | 19028 ||| Stepping ~*~*~tactically~*~*~ (retreating).
 19029 | Orc:1    | 19029 ||| Stepping ~*~*~tactically~*~*~ (retreating).
 19034 | Orc:1    | Received a gift from Okawaru
 19047 | Orc:2    | 19047 ||| STAIRDANCE
 19057 | Orc:2    | 19057 ||| STAIRDANCE
 19064 | Orc:2    | 19064 ||| INVOKING Heroism.
 19065 | Orc:2    | 19065 ||| INVOKING Finesse.
 19074 | Orc:2    | HP: 12/100 [Jorgrun/iron shot (56)]
 19074 | Orc:2    | Constricted to death by Jorgrun

Levels and vault maps discovered:
D:1:      evilmike_arrival_rings, layout_loops_ring, serial_shops, shop
D:2:      layout_rooms, serial_shops, shop, serial_bayou_pond_c,
          minmay_pentomino_v4
D:3:      layout_loops_ring
D:4:      layout_loops_ring, mainiacjoe_overflow_paths,
          minmay_temple_entry_sparse_star, serial_shops,
          nicolae_shop_pleasant_corner_grove, gup_sewer_entry_bubbles,
          item_on_display_a
D:5:      layout_rooms, general_overflow_altar, serial_shops,
          nicolae_shop_just_a_little_nook, uniq_crazy_yiuf_cottage,
          uniq_menkaure
D:6:      layout_cave_pools, grunt_temple_overflow_order_and_chaos_2,
          dk_yredelemnul_ordeal, hangedman_decor_slide_cut
D:7:      layout_basic, mrwooster_statue_mirror
D:8:      layout_cave_pools, nicolae_qazlal_eye_of_the_storm,
          chequers_ossuary_entry_cave, uniq_maurice
D:9:      layout_long_grid, lemuel_round_altar, david_lair_shrubbed
D:10:     cheibrodos_helix_gallery, layout_loops_ring,
          grunt_dithmenos_smoke_and_mirrors
D:11:     layout_stronghold, minmay_orc_entry_guard_dogs, serial_bayou_pond_a
D:12:     dreamdust_cave_troll, layout_basic
D:13:     layout_basic
D:14:     minmay_the_grid_octo_tiled_squarecenter
          [minmay_the_grid_octo_tetromino_candy, minmay_the_grid_octo_pinwheel,
          minmay_the_grid_octo_77, minmay_the_grid_octo_horde,
          minmay_the_grid_square_5x5_megaprize_crossed,
          minmay_the_grid_square_5x5_three,
          minmay_the_grid_square_5x5_tri_point, minmay_the_grid_square_5x5_v,
          minmay_the_grid_square_5x5_tie], layout_gridville, david_vaults_5,
          zin_angel, uniq_josephine, uniq_lodul
D:15:     hangedman_depths_entry_try_elsewhere_first, layout_basic,
          serial_co_window_serial, co_window_of_opportunity_a,
          co_window_paths_a, co_window_corner_a, co_window_of_opportunity_a,
          co_window_corner_a, co_window_of_opportunity_b, co_window_cross_2,
          co_window_unsneaky_path_c, co_window_corner_b, co_window_corner_cb,
          co_window_paths_d, glass_columns_b, glass_columns_b, glass_columns_a,
          glass_columns_b, hangedman_decor_points,
          amcnicky_mini_rare_corridor_liquid
Temple:   eino_temple_lava
Lair:1:   layout_cave_pods, portal_ice_cave_entry_ice_simulacra,
          beast_lair_carwin_5, lemuel_fruit_tree, uniq_fannar
Lair:2:   layout_concentric_octagons, elwin_shoals_entry_stream,
          spider_nest_entry_a, minmay_shattered_shrine
Lair:3:   layout_roguey, chequers_serial_rivers_micro_b
Lair:4:   layout_regular_city, slime_entry_1, gammafunk_ghost_wrathful_warriors,
          infiniplex_staircase_pool, uniq_rupert
Lair:5:   grunt_lair_end_beastmaster, layout_concentric_octagons,
          lemuel_fruit_fields, lemuel_fruit_fields
Orc:1:    layout_caves, serial_shops, nicolae_shop_hallway_plus
Orc:2:    grunt_orc_gardens, layout_caves, grunt_orc_garden, grunt_orc_garden,
          grunt_orc_garden, grunt_orc_garden, uniq_jorgrun

Skill      XL: |  1  2  3  4  5  6  7  8  9 10 11 12 13 14 15 |
---------------+----------------------------------------------+-----
Ranged Weapons | 5 6 7 8 9 11 13 14 15 17 19 20 | 20.0
Armour         | 1 2 3 5 6 7 |  7.0
Fighting       | 3 4 5 6 7 8 9 10 11 13 | 13.9
Invocations    | 4 8 10 | 10.0
Dodging        | 2 3 4 5 7 9 |  9.0
Stealth        | |  1.1

Action                     |  1- 3 |  4- 6 |  7- 9 | 10-12 | 13-15 || total
---------------------------+-------+-------+-------+-------+-------++-------
   Fire: Shortbow          |    51 |       |       |       |       ||    51
         Longbow           |    28 |    97 |   210 |   480 |  1122 ||  1937
 Invoke: Heroism           |       |       |    11 |    23 |    30 ||    64
         Finesse           |       |       |       |     2 |    10 ||    12
    Use: Scroll            |     4 |     5 |     6 |     6 |     7 ||    28
         Potion            |       |     1 |     2 |     2 |     5 ||    10
 Armour: Leather armour    |     4 |       |       |       |       ||     4
         Ring mail         |     7 |    20 |   121 |    92 |       ||   240
         Robe              |       |       |       |   103 |    31 ||   134
         Troll leather arm |       |       |       |       |   158 ||   158
  Dodge: Dodged            |    12 |    10 |    95 |   162 |   268 ||   547

Table legend:
 A = Non-vault XP
 B = Vault XP
 C = Vault XP percentage of total XP
 D = Non-vault monster count
 E = Vault monster count
 F = Vault count percentage of total count
                 A         B        C        D         E       F
            +---------+---------+-------+---------+---------+-------
      Total |   76893 |   46167 |  37.5 |     475 |     122 |  20.4
            +---------+---------+-------+---------+---------+-------
        D:1 |      40 |       0 |   0.0 |      22 |       0 |   0.0
        D:2 |      44 |       3 |   6.4 |      16 |       2 |  11.1
        D:3 |      81 |       0 |   0.0 |      18 |       0 |   0.0
        D:4 |     432 |      15 |   3.4 |      21 |       7 |  25.0
        D:5 |    1248 |     172 |  12.1 |      26 |       1 |   3.7
        D:6 |     595 |       2 |   0.3 |       9 |       2 |  18.2
        D:7 |     734 |       0 |   0.0 |      29 |       0 |   0.0
        D:8 |    2753 |     485 |  15.0 |      31 |       1 |   3.1
        D:9 |    1443 |     350 |  19.5 |      23 |       1 |   4.2
       D:10 |    3232 |     162 |   4.8 |      22 |       2 |   8.3
       D:11 |    5130 |     326 |   6.0 |      37 |       2 |   5.1
       D:12 |    7732 |       0 |   0.0 |      31 |       0 |   0.0
       D:13 |    4010 |       0 |   0.0 |       9 |       0 |   0.0
       D:14 |    5889 |   21192 |  78.3 |      14 |      48 |  77.4
       D:15 |   12264 |    2077 |  14.5 |      33 |       4 |  10.8
     Lair:1 |    5430 |    1944 |  26.4 |      24 |       9 |  27.3
     Lair:2 |    4871 |    7144 |  59.5 |      23 |      19 |  45.2
     Lair:3 |    8077 |       0 |   0.0 |      35 |       0 |   0.0
     Lair:4 |    8415 |    1673 |  16.6 |      28 |       1 |   3.4
     Lair:5 |    3154 |    9511 |  75.1 |      15 |      19 |  55.9
      Orc:1 |    1319 |     993 |  42.9 |       9 |       3 |  25.0
      Orc:2 |       0 |     118 | 100.0 |       0 |       1 | 100.0
            +---------+---------+-------+---------+---------+-------
